Map: King's Cove LE

Players

Bly - Winner!

  • Race: Zerg Zerg
  • Spawn Location: 5:00

Zanster

  • Race: Zerg Zerg
  • Spawn Location: 11:00

Event: 2019 WCS Spring

VOD

Have the link to the VOD?

Description

Time

  • Played on: May 18, 2019, 6:37 a.m.
  • Length: 13:15

All games in this series

Show
View Real Time Build Order
Export as new Build Order

Bly Zerg - Winner!

Build Orders: Pool First, Muta Ling Bane 

Get SALT Encoding   

  12  0:18  Spawning Pool  
  11  0:23  Drone  
  11  0:28  Drone  
  13  0:32  Drone  
  14  0:46  Overlord  
  14  1:05  Zergling x4  
  14  1:06  Zergling x2  
  17  1:16  Zergling x2  
  18  1:20  Hatchery  
  17  1:27  Zergling x2  
  18  1:36  Queen  
  20  1:41  Zergling x2  
  21  1:51  Overlord  
  21  2:05  Drone  
  22  2:11  Queen, Drone  
  25  2:27  Drone  
  22  2:46  Drone x6  
  22  2:49  Queen  
  28  2:52  Drone  
  29  2:59  Drone  
  29  3:00  Overlord  
  29  3:01  Extractor  
  29  3:08  Zergling x2  
  30  3:15  Drone x2  
  32  3:20  Drone x2  
  32  3:25  Drone  
  32  3:26  Drone  
  36  3:30  Drone  
  36  3:33  Extractor  
  36  3:39  Drone x2  
  38  3:44  Zergling x2  
  39  3:54  Drone x2  
  39  3:55  Drone x3  
  44  4:04  Overlord, Roach Warren  
  44  4:05  Evolution Chamber  
  44  4:06  Evolution Chamber  
  44  4:08  Overlord  
  41  4:13  Metabolic Boost  
  40  4:19  Drone x2  
  40  4:20  Drone  
  43  4:32  Zerg Melee Weapons Level 1  
  43  4:37  Drone  
  43  4:38  Drone x3  
  45  4:42  Hatchery  
  46  4:55  Zergling x14  
  52  5:07  Zergling x12  
  58  5:20  Zergling x4  
  60  5:23  Lair  
  60  5:29  Hatchery  
  60  5:33  Zergling x2  
  60  5:34  Overlord  
  60  5:45  Extractor x2  
  58  5:52  Drone x8  
  66  5:58  Overlord  
  66  6:00  Overlord  
  66  6:08  Overlord  
  63  6:26  Roach, Spire  
  63  6:27  Roach x8  
  80  6:45  Drone  
  80  6:46  Overlord  
  80  6:58  Drone x12  
  91  7:17  Glial Reconstitution  
  91  7:18  Zerg Missile Weapons Level 1  
  91  7:22  Extractor, Drone x2  
  92  7:24  Extractor  
  91  7:32  Hatchery  
  91  7:34  Overlord x2  
  91  7:35  Drone x3  
  91  7:36  Drone x2  
  95  7:40  Mutalisk x5  
  105  7:47  Mutalisk x3  
  111  7:53  Mutalisk  
  113  8:01  Mutalisk  
  115  8:11  Zerg Flyer Weapons Level 1  
  115  8:17  Roach x6  
  115  8:18  Overlord x5  
  126  8:42  Baneling Nest  
  121  8:56  Mutalisk x3  
  121  8:57  Mutalisk x2  
  121  8:58  Overlord  
  121  9:01  Drone x2  
  121  9:02  Hatchery  
  132  9:03  Overlord  
  132  9:06  Overseer  
  132  9:08  Zergling x10  
  132  9:09  Overlord, Zergling x18  
  146  9:21  Overlord  
  145  9:33  Overlord  
  145  9:34  Centrifical Hooks  
  145  9:37  Roach x12, Extractor  
  145  9:38  Baneling x3  
  164  10:11  Mutalisk x6  
  164  10:14  Zergling x26  
  183  10:15  Extractor  
  182  10:22  Overseer  
  182  10:27  Baneling x12  
  182  10:28  Baneling  
  182  10:34  Overseer  
  182  10:45  Zerg Missile Weapons Level 2  
  182  10:52  Zerg Melee Weapons Level 2  
  182  10:55  Zergling x24  
  182  10:56  Zergling x8  
  198  11:00  Baneling  
  198  11:01  Baneling x8  
  198  11:17  Baneling  
  198  11:18  Baneling x12  
  196  11:20  Zergling x2  
  196  11:21  Overlord, Zergling x2  
  151  11:51  Zergling x52  
  160  12:15  Roach x12  
  147  12:31  Baneling  
  147  12:32  Baneling x20  
  145  12:41  Roach x6  
  155  12:46  Ravager x8  
Show
View Real Time Build Order
Export as new Build Order

Zanster Zerg 

Build Orders: Hatch First, Roach Hydra 

Get SALT Encoding   

  12  0:00  Drone  
  13  0:13  Overlord  
  13  0:17  Drone  
  14  0:31  Drone x2  
  16  0:49  Hatchery  
  15  0:52  Drone  
  15  0:56  Drone  
  17  0:59  Drone  
  18  1:10  Extractor  
  17  1:15  Spawning Pool  
  16  1:18  Drone  
  16  1:22  Drone  
  18  1:29  Drone  
  19  1:40  Drone  
  20  1:51  Drone  
  21  2:03  Queen x2, Zergling x4  
  21  2:08  Spine Crawler  
  26  2:12  Zergling x2  
  26  2:15  Zergling x2  
  26  2:38  Overlord, Drone  
  26  2:39  Drone  
  26  2:46  Drone x2  
  26  2:47  Drone  
  27  2:54  Overlord  
  27  2:59  Overlord  
  27  3:07  Metabolic Boost  
  27  3:14  Drone  
  27  3:15  Drone  
  27  3:16  Drone  
  27  3:17  Drone x2  
  32  3:20  Zergling x2  
  32  3:22  Zergling x2  
  32  3:24  Drone  
  35  3:28  Drone  
  35  3:30  Drone  
  37  3:35  Drone  
  38  3:44  Drone x2  
  38  3:47  Overlord  
  40  3:49  Drone x3  
  43  4:03  Zergling x2  
  43  4:06  Overlord  
  44  4:10  Drone x3  
  44  4:13  Hatchery  
  44  4:15  Drone  
  47  4:18  Drone  
  47  4:19  Zergling x4  
  47  4:22  Drone  
  47  4:23  Drone  
  52  4:28  Roach Warren  
  52  4:31  Drone x2  
  52  4:32  Drone  
  52  4:38  Overlord, Extractor  
  53  4:39  Extractor, Drone  
  53  4:51  Drone  
  53  4:52  Drone x4  
  58  4:56  Evolution Chamber, Overlord  
  58  4:59  Drone  
  58  5:00  Drone  
  58  5:03  Queen  
  61  5:14  Overlord  
  61  5:15  Drone x2  
  61  5:17  Lair  
  63  5:24  Roach x6  
  63  5:27  Zerg Missile Weapons Level 1  
  75  5:28  Overlord  
  75  5:30  Roach  
  75  5:35  Roach  
  79  5:37  Roach x2  
  82  5:44  Roach  
  82  5:46  Queen  
  86  5:52  Roach x3  
  86  5:56  Overlord  
  92  5:57  Extractor  
  92  5:59  Roach x3  
  92  6:03  Overlord  
  97  6:06  Overlord  
  97  6:11  Overlord  
  95  6:20  Roach x4  
  95  6:21  Glial Reconstitution  
  95  6:24  Overlord  
  105  6:28  Drone x3  
  105  6:29  Drone  
  105  6:32  Drone x2  
  111  6:35  Drone x2  
  111  6:36  Drone  
  111  6:45  Drone  
  111  6:46  Drone  
  110  6:52  Overlord  
  110  7:00  Evolution Chamber  
  109  7:02  Hydralisk Den  
  109  7:03  Drone x2  
  109  7:04  Drone x7  
  109  7:05  Pneumatized Carapace  
  109  7:06  Overlord  
  117  7:09  Extractor, Overseer  
  117  7:10  Extractor  
  117  7:11  Queen  
  117  7:20  Overlord  
  117  7:22  Zerg Missile Weapons Level 2  
  117  7:27  Roach, Zerg Ground Armor Level 1  
  117  7:28  Roach x4  
  127  7:33  Overseer  
  127  7:34  Overlord  
  127  7:37  Muscular Augments  
  127  7:50  Roach x2  
  127  7:51  Hatchery, Roach x3  
  136  7:58  Drone  
  136  7:59  Drone  
  136  8:00  Overlord  
  138  8:05  Hydralisk  
  138  8:06  Hydralisk x4  
  138  8:09  Spore Crawler  
  147  8:12  Hydralisk  
  147  8:13  Spore Crawler x2  
  147  8:20  Hydralisk  
  147  8:21  Hydralisk x2  
  147  8:25  Drone  
  147  8:26  Drone x2  
  156  8:29  Spore Crawler  
  155  8:34  Spore Crawler  
  155  8:38  Overlord x2  
  154  8:47  Overlord  
  154  8:49  Grooved Spines  
  154  8:53  Hydralisk x3  
  154  8:55  Overlord  
  154  8:58  Hydralisk x4  
  154  9:02  Infestation Pit, Overlord  
  161  9:13  Hydralisk x5  
  167  9:31  Hatchery  
  167  9:33  Hydralisk x6  
  178  9:40  Overlord  
  178  9:43  Zerg Ground Armor Level 2  
  178  9:44  Spore Crawler  
  177  9:52  Hatchery  
  177  9:54  Overlord  
  177  10:00  Drone  
  177  10:03  Overlord, Drone  
  177  10:05  Overlord, Pathogen Glands  
  175  10:08  Overlord x2  
  170  10:26  Hatchery  
  169  10:44  Infestor x5  
  177  10:55  Roach x4  
  177  10:56  Roach  
  187  11:01  Overseer  
  187  11:04  Drone  
  187  11:05  Drone x3  
  187  11:09  Drone x2  
  193  11:16  Overlord, Drone  
  194  11:20  Roach x2  
  186  11:46  Roach  
  152  11:47  Roach x7  
  134  11:59  Roach x4  
  128  12:14  Roach  
  128  12:15  Roach x3  
  121  12:21  Roach x2  
  112  12:33  Roach x2  
  116  12:40  Ravager x2  
  116  12:41  Ravager  
  116  12:42  Ravager x2  
  116  12:44  Ravager  
  116  12:45  Ravager x3  
Tags
 
Add a new tag
Caveats
  • Supply blocks, unpowered buildings, or Contaminate may cause inaccurate times.
  • Supply counts are checked every 10 seconds.